 Dungeon Crawl Stone Soup version 0.30.1-9-gdf580d7c3d (webtiles) character file.

Game seed: 3007629406774080331

141157 Peloso the Fencer (level 16, -3/157 HPs)
             Began as a Minotaur Fighter on Oct 13, 2023.
             Was the Champion of Okawaru.
             Killed from afar by a deep elf zephyrmancer (11 damage)
             ... with a bolt of lightning
             ... on level 1 of the Elven Halls.
             The game lasted 01:15:30 (30949 turns).

Peloso the Fencer (Minotaur Fighter)               Turns: 30949, Time: 01:15:30

Health: -3/157     AC: 28    Str: 19    XL:     16   Next: 77%
Magic:  17/17      EV: 11    Int: 12    God:    Okawaru [******]
Gold:   2963       SH: 21    Dex: 24    Spells: 15/15 levels left

rFire   . . .        b - +9 demon blade "Taissen" {drain, Will+ Int+7}
rCold   . . .        d - +0 kite shield
rNeg    + + +        X - +2 plate armour "Hyaromi" {rN+++ rCorr Dex-2 Slay+5}
rPois   +            o - +1 hat
rElec   .            (no cloak)
rCorr   +            i - +4 pair of gloves of the Sparrow {-Cast rPois rN+ Dex+5}
SInv    .            V - +1 pair of boots of Responsibility {Rampage Str-5 Slay+5}
Will    +++..        n - amulet of reflection Stlth
                     l - +6 ring of dexterity
HPRegen 0.46/turn    s - ring of the Shining Light {rN+ Will+}
MPRegen 0.15/turn

%: no spellcasting, reflection, rampage
@: studying Ranged Weapons
A: horns 2, retaliatory headbutt
a: Renounce Religion, Heroism, Finesse, Duel


You were on level 1 of the Elven Halls.
You worshipped Okawaru.
Okawaru was exalted by your worship.
You visited 5 branches of the dungeon, and saw 24 of its levels.
You also visited: Sewer, Gauntlet and Volcano.

You collected 3773 gold pieces.
You spent 810 gold pieces at shops.

Inventory:

Hand Weapons
 a - a +9 double sword of flaming
 b - the +9 demon blade "Taissen" (weapon) {drain, Will+ Int+7}
   (Okawaru gifted it to you on level 15 of the Dungeon)

   Int:       It affects your intelligence (+7).
   Will:      It increases your willpower.
 c - a +4 vampiric double sword
Armour
 d - a +0 kite shield (worn)
 e - a +4 plate armour of poison resistance
 i - the +4 pair of gloves of the Sparrow (worn) {-Cast rPois rN+ Dex+5}
   (Okawaru gifted it to you on level 10 of the Dungeon)

   Dex:       It affects your dexterity (+5).
   rPois:     It protects you from poison.
   rN:        It protects you from negative energy.
   -Cast:     It prevents spellcasting.
 o - a +1 hat (worn)
 q - the +1 pair of boots of Okawaru {-Cast rC+++ Regen+ Str-2}
   (Okawaru gifted it to you on level 5 of the Lair of Beasts)

   Str:       It affects your strength (-2).
   rC:        It renders you almost immune to cold.
   -Cast:     It prevents spellcasting.
   Regen:     It increases your rate of health regeneration.
 V - the +1 pair of boots of Responsibility (worn) {Rampage Str-5 Slay+5}
   (You found it in a Gauntlet)

   Str:       It affects your strength (-5).
   Slay:      It affects your accuracy & damage with ranged weapons and melee
   (+5).
   Rampage:   It bestows one free step when moving towards enemies.
 X - the +2 plate armour "Hyaromi" (worn) {rN+++ rCorr Dex-2 Slay+5}
   (Okawaru gifted it to you on level 4 of the Lair of Beasts)

   Dex:       It affects your dexterity (-2).
   Slay:      It affects your accuracy & damage with ranged weapons and melee
   (+5).
   rN:        It renders you almost immune to negative energy.
   rCorr:     It protects you from acid and corrosion.
Jewellery
 f - a ring of see invisible
 j - an amulet of regeneration
 k - an amulet of magic regeneration
 l - a +6 ring of dexterity (left hand)
 n - an amulet of reflection (around neck)
 r - a ring of willpower
 s - the ring of the Shining Light (right hand) {rN+ Will+}
   (You bought it in a shop on level 2 of the Orcish Mines)

   [ring of willpower]

   rN:        It protects you from negative energy.
   Will:      It increases your willpower.
 M - a ring of resist corrosion
 U - a ring of poison resistance
Wands
 W - a wand of digging (3)
Scrolls
 g - 3 scrolls of magic mapping
 h - 6 scrolls of poison
 t - a scroll of acquirement
 v - 7 scrolls of fear
 x - 9 scrolls of teleportation
 F - 4 scrolls of immolation
 J - 12 scrolls of identify
 S - 5 scrolls of blinking
Potions
 m - 5 potions of might
 w - 3 potions of resistance
 z - 7 potions of heal wounds
 A - 10 potions of invisibility
 B - 3 potions of berserk rage
 C - 5 potions of flight
 E - 7 potions of haste


   Skills:
 + Level 17.7 Fighting
 + Level 19.5 Long Blades
 + Level 16.0 Armour
 + Level 7.8 Dodging
 + Level 4.3 Stealth
 + Level 17.5 Shields
 + Level 2.9 Invocations
 + Level 2.5 Evocations


You had 15 spell levels left.
You didn't know any spells.
Your spell library contained the following spells:

 Spells                   Type           Power      Damage    Failure   Level
 Apportation              Tloc           0%         N/A       99%         1
 Foxfire                  Conj/Fire      0%         2x1d4     99%         1
 Kiss of Death            Conj/Necr      0%         2d5       99%         1
 Necrotise                Necr           0%         1d4       99%         1
 Slow                     Hex            0%         N/A       99%         1
 Ensorcelled Hibernation  Hex/Ice        0%         N/A       100%        2
 Passwall                 Tmut/Erth      0%         N/A       100%        2
 Sublimation of Blood     Necr           0%         N/A       100%        2
 Confusing Touch          Hex            0%         N/A       100%        3
 Dazzling Flash           Conj/Hex       0%         N/A       100%        3
 Spider Form              Tmut/Pois      0%         N/A       100%        3
 Swiftness                Air            0%         N/A       100%        3
 Vampiric Draining        Necr           0%         2d6       100%        3
 Volatile Blastmotes      Fire/Tloc      0%         2d10      100%        3
 Anguish                  Hex/Necr       0%         N/A       100%        4
 Cause Fear               Hex            0%         N/A       100%        4
 Dispel Undead            Necr           0%         3d6       100%        4
 Iskenderun's Mystic Bla  Conj/Tloc      0%         2d3       100%        4
 Manifold Assault         Tloc           0%         N/A       100%        4
 Agony                    Necr           0%         N/A       100%        5
 Borgnjor's Vile Clutch   Necr/Erth      0%         N/A       100%        5
 Iskenderun's Battlesphe  Conj           0%         2d6       100%        5
 Silence                  Hex/Air        0%         N/A       100%        5
 Dispersal                Tloc           0%         N/A       100%        6
 Starburst                Conj/Fire      0%         6d3       100%        6
 Enfeeble                 Hex            0%         N/A       100%        7
 Disjunction              Tloc           0%         N/A       100%        8
 Death's Door             Necr           0%         N/A       100%        9
 Summon Small Mammal      Summ           Unusable   N/A       N/A         1
 Animate Dead             Necr           Unusable   N/A       N/A         4
 Death Channel            Necr           Unusable   N/A       N/A         6

Dungeon Overview and Level Annotations

Branches:
Dungeon (15/15)            Temple (1/1) D:5            Lair (5/5) D:8
 Shoals (0/4) Lair:3        Snake (0/4) Lair:3        Slime (0/5) Lair:4
    Orc (2/2) D:10            Elf (1/3) Orc:2        Vaults (0/5) D:13
 Depths (0/4) D:15          Sewer (visited)         Volcano (visited)
Gauntlet (visited)

Altars:
Hepliaklqana
Kikubaaqudgha
Nemelex Xobeh
Okawaru
Sif Muna
Trog
Uskayaw
Vehumet
Wu Jian
Xom
Jiyva

Shops:
D:3 (   D:8 (   D:9 *?:   D:11 (   Orc:2 (=[[

Annotations:
Lair:4 1 runed translucent door
Elf:1 1 runed translucent door, barcode's ghost, adept GnGl


Innate Abilities, Weirdness & Mutations

You have a pair of horns on your head.
You reflexively headbutt those who attack you in melee.


Message History

The deep elf zephyrmancer is almost dead.
The deep elf zephyrmancer hits you but does no damage.
Unknown command.
You carve the deep elf zephyrmancer like a ham!!!
You kill the deep elf zephyrmancer!
Okawaru accepts your kill.
Unknown command.
The deep elf archer shoots an arrow.
You block the arrow with an invisible shield... and reflect it back!
The arrow barely misses the deep elf archer.
The deep elf archer shoots an arrow.
You block the arrow with an invisible shield... and reflect it back!
The arrow hits the deep elf archer!!
You rampage towards the deep elf zephyrmancer!
The deep elf archer unwields a +0 shortbow.
The deep elf archer wields a +0 dagger.
You block the deep elf archer's attack.
The deep elf pyromancer mumbles some strange words.
Items here: )) ? [[ ††.
Unknown command.
You completely miss the deep elf archer.
You headbutt the deep elf archer!!
The deep elf archer is almost dead.
The deep elf archer closely misses you.
Unknown command.
You slice the deep elf archer!!
You kill the deep elf archer!
Okawaru accepts your kill.
The deep elf pyromancer gestures at you while chanting.
The bolt of fire misses you.
Unknown command.
Items here: )))))) [[[ ††.
Things that are here:
a +0 dagger; an elf corpse The deep elf zephyrmancer casts a spell at you.
The bolt of lightning hits you!!
* * * LOW HITPOINT WARNING * * *
You hear a shout!
You hear a bellow!
The deep elf zephyrmancer casts a spell at you.
The bolt of lightning hits you!
You die...

#....# #### ##..## #..# #... .#
##[..# ##..# #... #$# ##.####
#...+ ..... #..# #####.## #...#
^.... #.####....## #...# ......
#..##......#########... #...[.#
#.#.#..................
#.....)###.##..@....########.#..
#.#..###.....## ##.###.
##.#.##)#.#.## ##.## ##
#.#..#.###..# ##.## # #.###))##
##.## ##.## #.#
##)e#####..####.######## #.#
#.##....eE.............. #.#
#.####e#####...########## #/#
#.# ##.## ##..##


You could see a deep elf zephyrmancer.

Vanquished Creatures
  A sphinx (D:13)
  Donald (Elf:1)
  The ghost of Waecyras the Bringer of Law, an adept KoGl of Zin (D:15)
  A deep elf sorcerer (Elf:1)
  A balrug (Gauntlet)
  The ghost of TowerOfEmptiness the Severer, a journeyman MiFi of Okawaru (Lair:5)
  A stone giant (D:12)
  A vampire knight (D:14)
  Nessos (Lair:5)
  A minotaur (Gauntlet)
  A fire dragon (D:9)
  The ghost of Peloso the Blocker, a journeyman MiFi of Okawaru (D:10)
  A catoblepas (D:13)
  The ghost of Ivernyr the Carver, a journeyman FoFi of Wu Jian (Lair:1)
  5 boulder beetles
  5 centaur warriors
  8 hydras
  4 death knights (D:14)
  The ghost of Madon the Nimble, a journeyman FeSu of Gozag (Lair:5)
  9 two-headed ogres
  2 dancing weapons
  5 death yaks (Lair:5)
  3 tengu warriors (D:15)
  Urug (D:13)
  5 orc high priests (Orc:2)
  5 deep elf knights (Elf:1)
  3 skysharks (Lair:5)
  3 skeletal warriors
  A goliath frog (Lair:5)
  A deep troll (D:15)
  3 deep elf archers (Elf:1)
  2 spectral wolf spiders (D:14)
  A phantasmal warrior (D:15)
  A lindwurm (Lair:5)
  5 wizards (Volcano)
  A large abomination (Gauntlet)
  7 deep elf zephyrmancers (Elf:1)
  A necromancer (D:15)
  14 orc knights
  8 deep elf pyromancers
  A mana viper (shapeshifter) (D:13)
  5 cyclopes
  25 ugly things
  2 oklob plants (Lair:4)
  A frost giant zombie (D:15)
  An orc sorcerer (Orc:2)
  3 spectral ice dragons (D:14)
  A moth of wrath (D:15)
  A moth of wrath (shapeshifter) (D:13)
  2 manticores
  3 black mambas
  17 slime creatures
  Joseph (D:8)
  21 elephants
  A spectral centaur (D:14)
  A merfolk siren (Lair:3)
  5 toenail golems (Volcano)
  A gargoyle (D:11)
  21 cane toads
  4 centaur skeletons (D:14)
  2 unseen horrors
  2 kobold demonologists (D:13)
  A rime drake (Lair:4)
  12 freezing wraiths (D:14)
  11 komodo dragons
  10 trolls
  A hornet (shapeshifter) (D:13)
  A polar bear (Lair:3)
  3 meliai (D:15)
  A tarantella (shapeshifter) (D:13)
  A wolf spider simulacrum (D:14)
  A hornet (D:8)
  2 spriggan zombies (D:15)
  6 dream sheep (Lair:3)
  14 blink frogs
  A flying skull (D:14)
  2 meliai zombies (D:14)
  3 centaur simulacra
  An air elemental (Elf:1)
  2 shadows
  4 wraiths
  3 vampires (D:14)
  8 wyverns
  A golden eye (shapeshifter) (D:14)
  25 yaks
  A fire elemental (D:14)
  A basilisk (D:15)
  A glowing shapeshifter zombie (D:15)
  14 vampire mosquitoes
  2 steam dragons
  3 swamp worms (Gauntlet)
  6 wargs
  5 acid dragons
  21 water moccasins
  A floating eye (Lair:4)
  7 hell hounds
  40 orc warriors
  A sky beast (D:7)
  Pargi (D:3)
  4 small abominations (Gauntlet)
  An ice dragon simulacrum (D:14)
  A black bear (D:5)
  3 ogres
  The ghost of Ivernyr the Shield-Bearer, an amateur FoFi (D:3)
  7 wolves
  5 centaurs (D:13)
  2 phantoms
  4 kobold brigands
  16 bullfrogs
  An earth elemental (D:14)
  A gnoll sergeant (Orc:1)
  A deep troll simulacrum (D:14)
  4 wights
  38 killer bees
  2 howler monkeys (D:11)
  5 electric eels
  4 jellies
  2 gnoll boudas
  38 orc priests
  A hound (D:5)
  An iguana (D:6)
  21 orc wizards
  A boggart skeleton (D:14)
  Robin (D:3)
  15 gnolls
  7 adders
  3 river rats (Sewer)
  3 shadow imps (D:3)
  2 white imps
  An ufetubus (D:5)
  3 worms
  3 dart slugs
  118 orcs
  6 ball pythons
  8 endoplasms
  8 giant cockroaches
  15 goblins
  12 hobgoblins
  4 jackals (D:2)
  7 quokkas
  6 bats
  3 frilled lizards
  23 kobolds
  7 rats
876 creatures vanquished.

Vanquished Creatures (others)
  An air elemental (D:14)
  A water elemental (D:14)
2 creatures vanquished.

Grand Total: 878 creatures vanquished

Notes
Turn   | Place    | Note
-------+----------+-------------------------------------------
     0 | D:1      | Peloso the Minotaur Fighter began the quest for the Orb.
     0 | D:1      | Reached XP level 1. HP: 19/19 MP: 0/0
    86 | D:1      | Reached XP level 2. HP: 16/27 MP: 1/1
   249 | D:1      | Reached XP level 3. HP: 33/33 MP: 2/2
   835 | D:2      | Reached skill level 3 in Long Blades
  1010 | D:2      | Reached skill level 1 in Dodging
  1010 | D:2      | Reached XP level 4. HP: 25/40 MP: 3/3
  1126 | D:2      | Reached skill level 5 in Armour
  1242 | D:2      | Found a sparkling altar of Nemelex Xobeh.
  1247 | D:2      | Reached XP level 5. HP: 47/47 MP: 4/4
  1250 | D:2      | Reached skill level 4 in Long Blades
  1507 | D:3      | Found a transporter.
  1570 | D:3      | Found a transporter.
  1662 | D:3      | Found a transporter.
  1670 | D:3      | Noticed Ivernyr's ghost (amateur FoFi)
  1703 | D:3      | Found a faded altar of an unknown god.
  1761 | D:3      | Found Inlih's Antique Weapon Emporium.
  1812 | D:3      | Noticed Robin
  1828 | D:3      | Killed Robin
  1952 | D:3      | Noticed Pargi
  1962 | D:3      | Killed Pargi
  1963 | D:3      | Reached skill level 5 in Long Blades
  1963 | D:3      | Reached XP level 6. HP: 44/53 MP: 5/5
  2092 | D:3      | Found a transporter.
  2163 | D:4      | Noticed an orc warrior
  2393 | D:5      | Entered Level 5 of the Dungeon
  2455 | D:5      | Identified the +4 scale mail of a Million Visions {rElec}
  2497 | D:5      | Found a staircase to the Ecumenical Temple.
  2534 | Temple   | Entered the Ecumenical Temple
  2795 | Temple   | Became a worshipper of Warmaster Okawaru
  3193 | D:5      | Reached skill level 6 in Long Blades
  3461 | D:5      | Reached XP level 7. HP: 49/60 MP: 6/6
  3470 | D:5      | Reached skill level 5 in Fighting
  3768 | D:5      | Reached * piety under Okawaru
  3769 | D:5      | Reached skill level 5 in Shields
  4083 | D:6      | Found a glowing drain.
  4090 | Sewer    | Entered a sewer
  4489 | Sewer    | Reached skill level 7 in Long Blades
  4525 | Sewer    | Reached XP level 8. HP: 68/68 MP: 7/7
  4547 | Sewer    | Identified a scroll of acquirement
  4620 | D:6      | Found a shimmering blue altar of Sif Muna.
  4620 | D:6      | Found a hazy altar of Hepliaklqana.
  4675 | D:6      | Reached skill level 1 in Stealth
  4933 | D:6      | Noticed a two-headed ogre
  4941 | D:6      | Killed a two-headed ogre
  4941 | D:6      | Reached ** piety under Okawaru
  4942 | D:6      | Reached skill level 8 in Long Blades
  5465 | D:6      | Reached skill level 9 in Long Blades
  5772 | D:4      | Reached XP level 9. HP: 66/74 MP: 8/8
  6190 | D:7      | Reached skill level 1 in Evocations
  6213 | D:7      | Reached skill level 10 in Long Blades
  6301 | D:7      | Reached *** piety under Okawaru
  7060 | D:8      | Reached skill level 11 in Long Blades
  7066 | D:8      | Noticed a brown ugly thing
  7081 | D:8      | Killed a brown ugly thing
  7081 | D:8      | Reached **** piety under Okawaru
  7082 | D:8      | Reached XP level 10. HP: 45/84 MP: 6/9
  7099 | D:8      | Found a staircase to the Lair.
  7243 | D:8      | Noticed Joseph
  7267 | D:8      | Killed Joseph
  7546 | D:8      | Noticed a red ugly thing
  7556 | D:8      | Killed a red ugly thing
  7557 | D:8      | Reached skill level 12 in Long Blades
  7622 | D:8      | Noticed a two-headed ogre
  7632 | D:8      | Killed a two-headed ogre
  7633 | D:8      | Reached skill level 5 in Dodging
  7896 | D:8      | Found Soyhosk's Antique Weapon Shoppe.
  8227 | D:9      | Found Niut's Book Shop.
  8316 | D:9      | Noticed a two-headed ogre
  8332 | D:9      | Killed a two-headed ogre
  8333 | D:9      | Reached skill level 13 in Long Blades
  8497 | D:9      | Reached ***** piety under Okawaru
  8498 | D:9      | Reached skill level 1 in Invocations
  8572 | D:9      | Reached XP level 11. HP: 95/95 MP: 10/10
  8625 | D:9      | Noticed a fire dragon
  8868 | D:9      | Killed a fire dragon
  8988 | D:9      | Found Okhuu's Assorted Antiques.
  8996 | D:9      | Bought a smoky puce potion for 30 gold pieces
  8996 | D:9      | Bought a smoky puce potion for 30 gold pieces
  9058 | D:9      | Found Pearph's Magic Scroll Emporium.
  9061 | D:9      | Bought a scroll of brand weapon for 152 gold pieces
  9061 | D:9      | Bought a scroll of identify for 32 gold pieces
  9061 | D:9      | Bought a scroll of identify for 32 gold pieces
  9061 | D:9      | Bought a scroll of blinking for 120 gold pieces
  9061 | D:9      | Bought a scroll of noise for 16 gold pieces
  9308 | D:10     | Entered Level 10 of the Dungeon
  9452 | D:10     | Identified the +4 pair of gloves of the Sparrow {-Cast
                  | rPois rN+ Dex+5} (Okawaru gifted it to you on level 10 of
                  | the Dungeon)
  9452 | D:10     | Received a gift from Okawaru
  9469 | D:10     | Found a staircase to the Orcish Mines.
  9813 | D:10     | Found a runed translucent gate.
  9813 | D:10     | Found a runed translucent gate.
  9813 | D:10     | Found a runed translucent gate.
  9814 | D:10     | Found a viscous altar of Jiyva.
  9814 | D:10     | Noticed Peloso's ghost (journeyman MiFi)
  9851 | D:10     | Reached skill level 14 in Long Blades
 10085 | D:11     | Noticed a white ugly thing
 10099 | D:11     | Killed a white ugly thing
 10167 | D:11     | Noticed a centaur warrior
 10176 | D:11     | Killed a centaur warrior
 10177 | D:11     | Reached skill level 10 in Fighting
 10261 | D:11     | Noticed a two-headed ogre
 10269 | D:11     | Killed a two-headed ogre
 10562 | D:11     | Reached skill level 10 in Armour
 10574 | D:11     | Found Saumn's Weapon Shop.
 10658 | D:11     | Found a bloodstained altar of Trog.
 10658 | D:11     | Noticed a deep elf pyromancer
 10658 | D:11     | Noticed a brown ugly thing
 10658 | D:11     | Noticed a two-headed ogre
 10658 | D:11     | Noticed a cyan ugly thing
 10663 | D:11     | Killed a deep elf pyromancer
 10672 | D:11     | Killed a two-headed ogre
 10673 | D:11     | Reached XP level 12. HP: 78/108 MP: 9/11
 11186 | Lair:1   | Entered Level 1 of the Lair of Beasts
 11218 | Lair:1   | Found a gate leading to a gauntlet.
 11227 | Gauntlet | Entered a Gauntlet
 11227 | Gauntlet | Found a transporter.
 11227 | Gauntlet | Found a large runed translucent door.
 11227 | Gauntlet | Found a large runed translucent door.
 11227 | Gauntlet | Found a large runed translucent door.
 11227 | Gauntlet | Found a large runed translucent door.
 11227 | Gauntlet | Found a runed translucent door.
 11227 | Gauntlet | Found a runed translucent door.
 11227 | Gauntlet | Found a large runed translucent door.
 11227 | Gauntlet | Found a large runed translucent door.
 11227 | Gauntlet | Found a large runed translucent door.
 11227 | Gauntlet | Found a large runed translucent door.
 11227 | Gauntlet | Found a large runed translucent door.
 11227 | Gauntlet | Found a large runed translucent door.
 11228 | Gauntlet | Found a large runed translucent door.
 11228 | Gauntlet | Found a large runed translucent door.
 11229 | Gauntlet | Found a large runed translucent door.
 11229 | Gauntlet | Found a large runed translucent door.
 11229 | Gauntlet | Found a large runed translucent door.
 11229 | Gauntlet | Found a large runed translucent door.
 11235 | Gauntlet | Found a runed translucent gate.
 11235 | Gauntlet | Found a runed translucent gate.
 11235 | Gauntlet | Found a runed translucent gate.
 11237 | Gauntlet | Found a transporter.
 11239 | Gauntlet | Found a transporter.
 11241 | Gauntlet | Found a transporter.
 11256 | Gauntlet | Found a transporter.
 11272 | Gauntlet | Found a transporter.
 11280 | Gauntlet | Found a transporter.
 11296 | Gauntlet | Found a transporter.
 11313 | Gauntlet | Noticed a balrug
 11315 | Gauntlet | Found a transporter.
 11333 | Gauntlet | Noticed a death yak
 11333 | Gauntlet | Noticed a death yak
 11333 | Gauntlet | Noticed a death yak
 11334 | Gauntlet | Noticed a death yak
 11334 | Gauntlet | Noticed a death yak
 11337 | Gauntlet | Found a transporter.
 11349 | Gauntlet | Found a transporter.
 11359 | Gauntlet | Noticed a hell beast
 11361 | Gauntlet | Found a transporter.
 11366 | Gauntlet | Found a transporter.
 11366 | Gauntlet | Found a transporter.
 11368 | Gauntlet | Found a transporter.
 11387 | Gauntlet | Noticed a ghost crab
 11391 | Gauntlet | Found a transporter.
 11410 | Gauntlet | Found a transporter.
 11428 | Gauntlet | Found a transporter.
 11783 | Gauntlet | Identified the +2 scale mail of Midnight {Will++} (Okawaru
                  | gifted it to you in a Gauntlet)
 11783 | Gauntlet | Received a gift from Okawaru
 11784 | Gauntlet | Reached skill level 15 in Long Blades
 11936 | Gauntlet | Killed a balrug
 11937 | Gauntlet | Reached skill level 10 in Shields
 11952 | Gauntlet | Identified the +1 pair of boots of Responsibility {Rampage
                  | Str-5 Slay+5}
 12352 | Gauntlet | Noticed a minotaur
 12363 | Gauntlet | Killed a minotaur
 12374 | Gauntlet | Got the Handbook of the Mortuary Volley
 12834 | Lair:1   | Found a runed translucent gate.
 12836 | Lair:1   | Found a runed translucent gate.
 12838 | Lair:1   | Found a runed translucent gate.
 12840 | Lair:1   | Noticed a ten-headed hydra
 12841 | Lair:1   | Noticed Ivernyr's ghost (journeyman FoFi)
 14587 | Lair:3   | Reached XP level 13. HP: 92/119 MP: 13/13
 14685 | Lair:3   | Found a staircase to the Snake Pit.
 14718 | Lair:3   | Reached skill level 16 in Long Blades
 15140 | Lair:3   | Found a staircase to the Shoals.
 15195 | Lair:3   | You fall into a shaft and drop 1 floor!
 16060 | Lair:4   | Paralysed by a floating eye for 2 turns
 16067 | Lair:4   | Identified the +2 plate armour "Hyaromi" {rN+++ rCorr Dex-2
                  | Slay+5} (Okawaru gifted it to you on level 4 of the Lair of
                  | Beasts)
 16067 | Lair:4   | Received a gift from Okawaru
 16666 | Lair:4   | Found a runed translucent door.
 16672 | Lair:4   | Found a viscous altar of Jiyva.
 16673 | Lair:4   | Found a staircase to the Slime Pits.
 17193 | D:12     | Noticed a stone giant
 18048 | D:12     | Killed a stone giant
 18767 | Orc:1    | Entered Level 1 of the Orcish Mines
 19154 | Orc:2    | Entered Level 2 of the Orcish Mines
 19158 | Orc:2    | Identified the +8 triple sword of Aqaewka {vamp, rN+}
                  | (Okawaru gifted it to you on level 2 of the Orcish Mines)
 19158 | Orc:2    | Received a gift from Okawaru
 19581 | Orc:2    | Found a staircase to the Elven Halls.
 19627 | Orc:2    | Reached XP level 14. HP: 70/130 MP: 14/14
 19631 | Orc:2    | Reached skill level 17 in Long Blades
 20442 | Orc:2    | Identified the +1 scimitar of Tumult {holy, rN+ rCorr
                  | Int-5} (Okawaru gifted it to you on level 2 of the Orcish
                  | Mines)
 20442 | Orc:2    | Received a gift from Okawaru
 20804 | Orc:2    | Found Tuivyrah's Antique Armour Shop.
 20806 | Orc:2    | Found Asaimuk's Antique Armour Boutique.
 20810 | Orc:2    | Found Nemu's Jewellery Shop.
 20811 | Orc:2    | Found Diogeum's Antique Weapon Shop.
 20832 | Orc:2    | Bought the ring of the Shining Light {rN+ Will+} for 398
                  | gold pieces
 21748 | D:3      | Killed Ivernyr's ghost
 22279 | D:10     | Killed Peloso's ghost
 22455 | Lair:1   | Killed Ivernyr's ghost
 23140 | Lair:5   | Entered Level 5 of the Lair of Beasts
 23162 | Lair:5   | Acquired 898 gold pieces
 23174 | Lair:5   | Received a gift from Okawaru
 23183 | Lair:5   | Reached skill level 15 in Fighting
 23228 | Lair:5   | Found a dark tunnel.
 23251 | Volcano  | Entered a volcano
 23746 | Lair:5   | Reached ****** piety under Okawaru
 23756 | Lair:5   | Reached XP level 15. HP: 76/141 MP: 16/16
 23791 | Lair:5   | Received a gift from Okawaru
 23842 | Lair:5   | Reached skill level 18 in Long Blades
 24229 | Lair:5   | Noticed Nessos
 24247 | Lair:5   | Killed Nessos
 24256 | Lair:5   | Reached skill level 15 in Shields
 24338 | Lair:5   | Identified the +1 pair of boots of Okawaru {-Cast rC+++
                  | Regen+ Str-2} (Okawaru gifted it to you on level 5 of the
                  | Lair of Beasts)
 24338 | Lair:5   | Received a gift from Okawaru
 24358 | Lair:5   | Found a runed translucent gate.
 24358 | Lair:5   | Found a runed translucent gate.
 24595 | Lair:5   | Found a runed translucent gate.
 24596 | Lair:5   | Noticed Madon's ghost (journeyman FeSu)
 24597 | Lair:5   | Noticed TowerOfEmptiness's ghost (journeyman MiFi)
 24982 | Lair:5   | Killed Madon's ghost
 24990 | Lair:5   | Killed TowerOfEmptiness's ghost
 25792 | D:13     | Found a gate to the Vaults.
 25849 | D:13     | Noticed Urug
 25856 | D:13     | Killed Urug
 25980 | D:13     | Found a runed translucent door.
 26248 | D:13     | Noticed a sphinx
 26254 | D:13     | Killed a sphinx
 26255 | D:13     | Reached skill level 15 in Armour
 26385 | D:14     | Identified the +4 scale mail of Okawaru's Condemnation
                  | {rPois} (Okawaru gifted it to you on level 14 of the
                  | Dungeon)
 26385 | D:14     | Received a gift from Okawaru
 26614 | D:14     | Reached XP level 16. HP: 133/152 MP: 17/17
 27014 | D:14     | Found an ancient bone altar of Kikubaaqudgha.
 27106 | D:14     | Identified the +0 quarterstaff of the Candelabrum {vamp,
                  | Str+3}
 27382 | D:14     | Found a large runed translucent door.
 27382 | D:14     | Found a large runed translucent door.
 27947 | D:15     | Entered Level 15 of the Dungeon
 28087 | D:15     | Reached skill level 19 in Long Blades
 28245 | D:15     | Found a radiant altar of Vehumet.
 28445 | D:15     | Found a staircase to the Depths.
 28669 | D:15     | Noticed Waecyras's ghost (adept KoGl)
 28680 | D:15     | Found a bloodstained altar of Trog.
 28691 | D:15     | Found a transporter.
 28695 | D:15     | Found a transporter.
 28757 | D:15     | Killed Waecyras's ghost
 28761 | D:15     | Identified the +9 demon blade "Taissen" {drain, Will+
                  | Int+7} (Okawaru gifted it to you on level 15 of the
                  | Dungeon)
 28761 | D:15     | Received a gift from Okawaru
 30255 | Elf:1    | Entered Level 1 of the Elven Halls
 30255 | Elf:1    | Noticed Donald
 30262 | Elf:1    | Killed Donald
 30291 | Elf:1    | Found a shimmering altar of Xom.
 30291 | Elf:1    | Noticed barcode's ghost (adept GnGl)
 30291 | Elf:1    | Identified the +8 war axe of the Beginning {chaos, rPois
                  | rC+}
 30292 | Elf:1    | Found a runed translucent door.
 30919 | Elf:1    | Paralysed by an air elemental for 1 turns
 30925 | Elf:1    | Paralysed by an air elemental for 1 turns
 30948 | Elf:1    | HP: 7/157 [deep elf zephyrmancer/bolt of lightning (34)]
 30949 | Elf:1    | Killed from afar by a deep elf zephyrmancer

Illustrated notes

Levels and vault maps discovered:
D:1:      sevenhm_arrival_forest_fort_small_4, layout_basic, wad_floor_pattern_1
D:2:      layout_rooms, basic_altar
D:3:      gammafunk_wand_slinger, layout_basic, gammafunk_ghost_gnarly_gnolls,
          serial_shops, nicolae_shop_back_alley_shop,
          shapermc_ecumenical_altar_acropolis, uniq_robin, uniq_pargi
D:4:      layout_cave_pools
D:5:      black_bear_nest_2, layout_layer_cave, minmay_temple_entry_stoned_glass
D:6:      layout_loops_corners, gammafunk_temple_overflow_pools,
          gup_sewer_entry_bubbles
D:7:      wander_river, layout_basic
D:8:      layout_loops_ring, erik_lair_orcish_takeover, serial_shops, shop,
          uniq_joseph
D:9:      dragon1_lemuel, layout_irregular_city, serial_shops, shop,
          nicolae_shop_tiny_waterfront, nicolae_shop_rolled_up, minmay_between
D:10:     layout_rooms, hiddenorc2_lemuel, gammafunk_ghost_ooze,
          nicolae_figureground_pulse
D:11:     layout_loops_ring, serial_shops, shop, minmay_ruined_shrine
D:12:     layout_cave_pools, kennysheep_just_a_vault
D:13:     layout_roguey, david_vaults_2, lightli_airlock, uniq_urug
D:14:     lemuel_vampire_tower, layout_irregular_city, grunt_decor_arrowhead,
          lightli_elemental_guards
D:15:     gammafunk_depths_entry_grave, layout_layer_cave,
          nicolae_vehumet_radiance, gammafunk_ghost_wrathful_warriors,
          glass_columns_a, hellmonk_bongcloud_opening
Temple:   mainiacjoe_temple_big_plus
Lair:1:   layout_layer_cave, gauntlet_entry_generic, gammafunk_ghost_hydra_chop
Lair:2:   layout_long_grid, serial_bayou_shore_b
Lair:3:   layout_loops_ring, minmay_shoals_entry_lonely_mermaid,
          dummy_snake_entry, nicolae_quartered_pool_impasse, grunt_megastairs_5,
          serial_bayou_shore_a
Lair:4:   layout_layer_cave, slime_entry_2, disabler_island,
          infiniplex_staircase_pool, serial_bayou_shore_b, grunt_megastairs_2
Lair:5:   minmay_lair_end_frog_pond, layout_gridlike,
          nicolae_volcano_entry_hallway, gammafunk_ghost_cemetery,
          chequers_serial_rivers_small_a, chequers_serial_rivers_large_b,
          patterned_corridor, uniq_nessos
Orc:1:    cheibrodos_orc_arena, layout_caves, sword_in_stone
Orc:2:    st_orc_pillars, layout_caves, nicolae_orc_lava_room
Elf:1:    layout_rooms, serial_shops, shop, ebering_ghost_xom,
          hangedman_elf_represent, uniq_donald, uniq_asterion

Skill      XL: |  1  2  3  4  5  6  7  8  9 10 11 12 13 14 15 16 |
---------------+-------------------------------------------------+-----
Armour         | 4 5 6 7 8 9 10 11 12 13 15 16 | 16.0
Fighting       | 4 5 6 8 10 12 13 15 16 17 | 17.7
Long Blades    | 3 5 6 7 9 11 13 14 15 16 17 18 19 | 19.5
Shields        | 4 5 6 7 9 10 12 14 16 17 | 17.5
Dodging        | 1 2 3 4 5 6 7 |  7.8
Stealth        | 1 2 4 |  4.3
Evocations     | 1 2 |  2.5
Invocations    | 1 2 |  2.9

Action                     |  1- 3 |  4- 6 |  7- 9 | 10-12 | 13-15 | 16-18 || total
---------------------------+-------+-------+-------+-------+-------+-------++-------
  Melee: Long sword        |    83 |   121 |   261 |   574 |   265 |       ||  1304
         Headbutt          |    13 |    16 |    52 |   145 |   256 |    75 ||   557
         Double sword      |       |       |       |       |   684 |   185 ||   869
         Demon blade       |       |       |       |       |       |    73 ||    73
 Invoke: Heroism           |       |       |     1 |    11 |     6 |     1 ||    19
  Evoke: Wand              |       |       |     2 |     3 |     2 |    12 ||    19
    Use: Potion            |     3 |       |     2 |     1 |     2 |     2 ||    10
         Scroll            |     2 |       |     7 |     6 |    18 |     2 ||    35
   Stab: Sleeping          |       |       |       |     2 |     1 |       ||     3
 Armour: Scale mail        |    41 |    44 |    61 |   129 |    11 |       ||   286
         Fire dragon scale |       |       |       |     1 |       |       ||     1
         Plate armour      |       |       |       |       |   523 |    88 ||   611
  Dodge: Dodged            |    48 |   134 |   190 |   322 |   386 |    65 ||  1145
  Block: Buckler           |    27 |    43 |    77 |   166 |   112 |       ||   425
         Kite shield       |       |       |       |       |   599 |   175 ||   774
         Reflection        |       |       |       |       |       |     9 ||     9
